[ AOE2 MATCH · #483083325 ]
1v1 RMWu vs Tatars
Player's team · LOSS
Rival team · WIN
[ REPLAY ANALYSIS · EXTRACTED FROM THE RECORDED GAME ]
Feudal
9:15
Castle
21:14
Imperial
35:09
| APM avg | 45.4 |
| APM peak | 113 |
| eAPM avg | 31.1 |
| Villagers / military | 232 / 380 |
Focus
⚔️ 42.9% · 🌾 57.1%
Spearman ×372 · Unknown (1942) ×39 · Militia ×5 · Mangonel ×3
Feudal
10:31
Castle
15:02
Imperial
30:02
| APM avg | 37.7 |
| APM peak | 76 |
| eAPM avg | 19.9 |
| Villagers / military | 145 / 322 |
Focus
⚔️ 26.5% · 🌾 73.5%
Scout Cavalry ×157 · Cavalry Archer ×143 · Trebuchet (Packed) ×8 · Petard ×6 · Knight ×4 · Monk ×3
Match map
Initial resources + every placement click. Lines = walls · curves = elevation contours. ◆ gold · ⬟ stone · ● berries · ✦ relic · ◌ wall gap
Your base· ✓ Closed at 21:14 · 0t walls · 3 gate(s)
Waldblume's base· ✓ Closed at 15:02 · 20t walls · 2 gate(s)
Smoothed initial terrain · ◌ = detected wall gap · hover for details
Inputs per minute
— 2 - - Waldblume
Build order — 2
First 150 of 854 actions detected
| 0:00 | Create | Villager (Male) |
| 0:00 | Create | Villager (Male) |
| 0:01 | Create | Villager (Male) |
| 0:02 | Build | House |
| 0:03 | Build | House |
| 0:31 | Create | Villager (Male) |
| 0:31 | Create | Villager (Male) |
| 1:33 | Create | Villager (Male) |
| 1:35 | Create | Villager (Male) |
| 1:50 | Build | Lumber Camp |
| 2:02 | Create | Villager (Male) |
| 2:38 | Create | Villager (Male) |
| 2:57 | Create | Villager (Male) |
| 3:36 | Create | Villager (Male) |
| 3:48 | Build | House |
| 3:49 | Build | House |
| 3:56 | Create | Villager (Male) |
| 4:22 | Create | Villager (Male) |
| 4:26 | Build | Mining Camp |
| 4:33 | Create | Villager (Male) |
| 4:34 | Create | Villager (Male) |
| 5:08 | Create | Villager (Male) |
| 5:30 | Create | Villager (Male) |
| 5:30 | Create | Villager (Male) |
| 5:59 | Create | Villager (Male) |
| 6:32 | Create | Villager (Male) |
| 7:05 | Research | Feudal Age |
| 7:05 | Research | Loom |
| 8:32 | Build | House |
| 9:15 | Age | Feudal Age |
| 9:17 | Build | Watch Tower |
| 9:20 | Build | Barracks |
| 9:30 | Research | Double-Bit Axe |
| 9:37 | Create | Villager (Male) |
| 9:41 | Build | Mill |
| 9:57 | Create | Villager (Male) |
| 10:04 | Create | Militia |
| 10:04 | Create | Militia |
| 10:27 | Create | Militia |
| 10:29 | Create | Villager (Male) |
| 10:46 | Create | Villager (Male) |
| 10:51 | Research | Horse Collar |
| 10:58 | Create | Villager (Male) |
| 11:00 | Build | House |
| 11:02 | Build | House |
| 11:11 | Research | Man-at-Arms (upgrade) |
| 11:12 | Create | Villager (Male) |
| 11:35 | Build | Farm |
| 11:38 | Create | Villager (Male) |
| 11:55 | Build | Farm |
| 11:57 | Build | Farm |
| 12:15 | Build | Farm |
| 12:17 | Create | Villager (Male) |
| 12:32 | Create | Villager (Male) |
| 12:45 | Build | Lumber Camp |
| 12:57 | Create | Militia |
| 13:05 | Build | Farm |
| 13:18 | Create | Villager (Male) |
| 13:42 | Research | Arson |
| 13:49 | Build | Farm |
| 13:51 | Build | House |
| 13:53 | Build | House |
| 14:07 | Build | Watch Tower |
| 14:09 | Create | Militia |
| 14:13 | Build | Farm |
| 14:14 | Create | Villager (Male) |
| 14:29 | Create | Villager (Male) |
| 14:51 | Create | Villager (Male) |
| 14:58 | Build | Farm |
| 15:02 | Build | Farm |
| 15:03 | Create | Villager (Male) |
| 15:21 | Build | Lumber Camp |
| 15:26 | Create | Villager (Male) |
| 15:29 | Build | Farm |
| 15:33 | Build | Farm |
| 15:49 | Create | Spearman |
| 15:49 | Create | Spearman |
| 16:03 | Create | Villager (Male) |
| 16:06 | Build | Farm |
| 16:14 | Build | House |
| 16:15 | Build | House |
| 16:35 | Build | Market |
| 16:58 | Create | Villager (Male) |
| 17:01 | Build | House |
| 17:02 | Create | Villager (Male) |
| 17:15 | Build | Blacksmith |
| 17:26 | Build | Mining Camp |
| 17:47 | Create | Villager (Male) |
| 18:15 | Build | Lumber Camp |
| 18:34 | Research | Castle Age |
| 19:13 | Research | Stone Mining |
| 19:51 | Create | Villager (Male) |
| 20:30 | Research | Wheelbarrow |
| 20:50 | Create | Villager (Male) |
| 21:14 | Age | Castle Age |
| 21:16 | Build | Town Center |
| 21:19 | Build | Town Center |
| 21:24 | Build | Town Center |
| 21:28 | Research | Bow Saw |
| 21:29 | Create | Villager (Male) |
| 21:37 | Build | Town Center |
| 21:43 | Research | Heavy Plow |
| 21:46 | Research | Bow Saw |
| 21:58 | Create | Villager (Male) |
| 22:01 | Build | Farm |
| 22:04 | Build | Farm |
| 22:06 | Build | Farm |
| 22:10 | Build | Farm |
| 22:24 | Build | Farm |
| 22:26 | Build | Farm |
| 22:27 | Create | Villager (Male) |
| 22:36 | Create | Villager (Male) |
| 22:41 | Create | Villager (Male) |
| 22:41 | Create | Villager (Male) |
| 22:52 | Build | Farm |
| 22:53 | Create | Villager (Male) |
| 22:56 | Build | Farm |
| 22:57 | Create | Villager (Male) |
| 23:00 | Create | Villager (Male) |
| 23:08 | Build | Farm |
| 23:11 | Build | Farm |
| 23:13 | Build | Farm |
| 23:15 | Create | Villager (Male) |
| 23:24 | Create | Villager (Male) |
| 23:28 | Create | Villager (Male) |
| 23:29 | Build | Farm |
| 23:31 | Build | Farm |
| 23:32 | Create | Villager (Male) |
| 23:34 | Build | Farm |
| 23:39 | Create | Villager (Male) |
| 23:40 | Create | Villager (Male) |
| 23:43 | Build | Farm |
| 23:49 | Create | Villager (Male) |
| 23:51 | Build | Farm |
| 23:53 | Build | Farm |
| 23:56 | Create | Villager (Male) |
| 24:00 | Build | Farm |
| 24:01 | Create | Villager (Male) |
| 24:03 | Build | Farm |
| 24:05 | Create | Villager (Male) |
| 24:07 | Create | Villager (Male) |
| 24:13 | Build | Farm |
| 24:17 | Create | Villager (Male) |
| 24:17 | Create | Villager (Male) |
| 24:23 | Build | Farm |
| 24:26 | Build | Farm |
| 24:27 | Create | Villager (Male) |
| 24:31 | Build | Farm |
| 24:32 | Create | Villager (Male) |
| 24:35 | Build | Farm |
Build order — Waldblume
First 150 of 461 actions detected
| 0:01 | Create | Villager (Male) |
| 0:01 | Create | Villager (Male) |
| 0:02 | Build | House |
| 0:04 | Build | House |
| 0:22 | Create | Villager (Male) |
| 0:22 | Create | Villager (Male) |
| 1:35 | Create | Villager (Male) |
| 1:51 | Build | Lumber Camp |
| 1:53 | Create | Villager (Male) |
| 2:11 | Create | Villager (Male) |
| 2:49 | Create | Villager (Male) |
| 2:49 | Create | Villager (Male) |
| 3:42 | Create | Villager (Male) |
| 3:42 | Create | Villager (Male) |
| 3:51 | Build | House |
| 3:59 | Create | Villager (Male) |
| 4:28 | Build | House |
| 4:41 | Create | Villager (Male) |
| 4:47 | Create | Villager (Male) |
| 4:48 | Build | Mill |
| 5:00 | Build | House |
| 5:11 | Create | Villager (Male) |
| 6:14 | Create | Villager (Male) |
| 6:14 | Create | Villager (Male) |
| 6:32 | Create | Villager (Male) |
| 6:59 | Create | Villager (Male) |
| 7:13 | Create | Villager (Male) |
| 7:59 | Build | Mining Camp |
| 8:08 | Research | Feudal Age |
| 8:20 | Build | Barracks |
| 9:17 | Build | House |
| 9:19 | Build | House |
| 9:21 | Create | Militia |
| 9:26 | Build | House |
| 9:33 | Create | Villager (Male) |
| 9:34 | Create | Villager (Male) |
| 10:31 | Age | Feudal Age |
| 10:35 | Build | Stable |
| 10:40 | Build | Blacksmith |
| 10:45 | Build | Palisade Wall |
| 11:21 | Create | Villager (Male) |
| 11:29 | Build | Palisade Wall |
| 11:33 | Build | Palisade Wall |
| 12:22 | Research | Castle Age |
| 12:25 | Build | House |
| 13:09 | Research | Double-Bit Axe |
| 13:19 | Research | Horse Collar |
| 13:51 | Build | Stable |
| 13:53 | Build | Palisade Wall |
| 13:58 | Build | Palisade Wall |
| 14:01 | Build | Palisade Wall |
| 14:04 | Research | Bloodlines |
| 14:42 | Build | Farm |
| 14:51 | Build | Stable |
| 14:59 | Build | Farm |
| 15:02 | Build | Farm |
| 15:02 | Age | Castle Age |
| 15:08 | Create | Knight |
| 15:13 | Create | Villager (Male) |
| 15:31 | Build | Farm |
| 15:32 | Build | Farm |
| 15:34 | Build | Farm |
| 15:40 | Create | Knight |
| 15:57 | Create | Knight |
| 15:58 | Create | Villager (Male) |
| 16:34 | Create | Knight |
| 16:41 | Build | Town Center |
| 16:52 | Create | Villager (Male) |
| 17:12 | Create | Villager (Male) |
| 17:13 | Create | Villager (Male) |
| 17:16 | Build | Monastery |
| 17:26 | Create | Villager (Male) |
| 17:55 | Build | House |
| 18:03 | Create | Monk |
| 18:05 | Create | Villager (Male) |
| 18:18 | Create | Villager (Male) |
| 18:20 | Create | Villager (Male) |
| 18:27 | Build | House |
| 18:29 | Create | Monk |
| 18:32 | Build | Farm |
| 18:32 | Build | Farm |
| 18:33 | Build | Farm |
| 18:45 | Build | Farm |
| 18:49 | Create | Villager (Male) |
| 18:50 | Create | Villager (Male) |
| 19:05 | Create | Monk |
| 19:11 | Create | Villager (Male) |
| 19:11 | Create | Villager (Male) |
| 19:22 | Build | House |
| 19:38 | Create | Villager (Male) |
| 19:38 | Create | Villager (Male) |
| 19:59 | Research | Bow Saw |
| 20:00 | Create | Villager (Male) |
| 20:08 | Build | House |
| 20:13 | Create | Villager (Male) |
| 20:13 | Create | Villager (Male) |
| 20:27 | Create | Villager (Male) |
| 20:27 | Create | Villager (Male) |
| 20:37 | Create | Villager (Male) |
| 20:49 | Build | Town Center |
| 20:51 | Build | House |
| 20:54 | Create | Villager (Male) |
| 21:00 | Build | Farm |
| 21:01 | Build | Farm |
| 21:09 | Build | Mining Camp |
| 21:22 | Create | Villager (Male) |
| 21:23 | Create | Villager (Male) |
| 21:25 | Build | House |
| 21:39 | Build | Farm |
| 21:42 | Build | Farm |
| 21:54 | Build | House |
| 21:55 | Research | Loom |
| 21:56 | Create | Villager (Male) |
| 21:57 | Build | Farm |
| 21:59 | Build | Farm |
| 22:02 | Create | Villager (Male) |
| 22:08 | Create | Villager (Male) |
| 22:09 | Create | Villager (Male) |
| 22:38 | Build | House |
| 22:39 | Create | Villager (Male) |
| 22:40 | Create | Villager (Male) |
| 22:40 | Create | Villager (Male) |
| 22:43 | Build | Farm |
| 22:45 | Build | Farm |
| 22:47 | Build | Farm |
| 22:51 | Create | Villager (Male) |
| 23:02 | Create | Villager (Male) |
| 23:07 | Build | House |
| 23:08 | Build | House |
| 23:23 | Create | Villager (Male) |
| 23:23 | Create | Villager (Male) |
| 23:23 | Create | Villager (Male) |
| 23:24 | Create | Villager (Male) |
| 23:29 | Build | Farm |
| 23:30 | Build | Farm |
| 23:33 | Build | Farm |
| 23:36 | Create | Villager (Male) |
| 23:48 | Create | Villager (Male) |
| 23:54 | Research | Wheelbarrow |
| 24:10 | Create | Villager (Male) |
| 24:11 | Create | Villager (Male) |
| 24:11 | Create | Villager (Male) |
| 24:19 | Build | Mill |
| 24:21 | Build | Farm |
| 24:21 | Build | Farm |
| 24:21 | Build | Farm |
| 24:22 | Build | Farm |
| 24:22 | Build | Farm |
| 24:23 | Build | Farm |
| 24:24 | Build | Farm |
Match timeline
| 8:20 | Waldblume · first_building Barracks |
| 9:15 | 2 · age_up feudal |
| 9:20 | 2 · first_building Barracks |
| 10:31 | Waldblume · age_up feudal |
| 10:35 | Waldblume · first_building Stable |
| 10:45 | Waldblume · wall_segment Palisade Wall x1 |
| 11:29 | Waldblume · wall_segment Palisade Wall x5 |
| 11:33 | Waldblume · wall_segment Palisade Wall x6 |
| 13:53 | Waldblume · wall_segment Palisade Wall x1 |
| 13:58 | Waldblume · wall_segment Palisade Wall x3 |
| 14:01 | Waldblume · wall_segment Palisade Wall x4 |
| 15:02 | Waldblume · age_up castle |
| 17:16 | Waldblume · first_building Monastery |
| 18:10 | 2 · first_market_sell 100 wood |
| 21:14 | 2 · age_up castle |
| 22:22 | 2 · first_market_buy 100 wood |
| 26:08 | Waldblume · first_building Castle |
| 27:19 | Waldblume · first_building Archery Range |
| 27:27 | 2 · wall_segment Stone Wall x1 |
| 29:51 | 2 · wall_segment Stone Wall x1 |
| 30:02 | Waldblume · age_up imperial |
| 31:16 | 2 · wall_segment Stone Wall x1 |
| 31:32 | 2 · first_building Siege Workshop |
| 32:44 | 2 · first_building Castle |
| 33:17 | 2 · wall_segment Stone Wall x38 |
| 35:09 | 2 · age_up imperial |
| 35:15 | 2 · wall_segment Stone Wall x1 |
| 36:27 | 2 · wall_segment Stone Wall x1 |
| 36:30 | 2 · wall_segment Stone Wall x1 |
| 36:34 | 2 · wall_segment Stone Wall x1 |
| 40:09 | Waldblume · first_market_buy 100 wood |
| 49:44 | 2 · resign |
[ AI ANALYSIS · 1 CREDIT ]
What really happened in this match?
Wolo.gg analyzes every decision: build order, eco, micro, common mistakes by bracket. Personalized analysis on WhatsApp or Discord in 30 seconds.
Civ guide
Wu
Map guide
Arena
Perfil
Jugador #8312